 Dungeon Crawl Stone Soup version 0.26-a0-651-gb41185065b (webtiles) character file.

Game seed: 15986794173309795691

97 tilp the Sneak (level 4, 0/21 HPs)
             Began as a Spriggan Enchanter on Oct 24, 2020.
             Shot with an arrow by a centaur (12 damage)
             ... on level 2 of the Dungeon.
             The game lasted 00:05:02 (3225 turns).

tilp the Sneak (Spriggan Enchanter)                 Turns: 3225, Time: 00:05:03

Health: 0/21       AC:  2    Str:  4    XL:     4   Next: 42%
Magic:  7/9        EV: 18    Int: 17    God:
Gold:   90         SH:  0    Dex: 16    Spells: 5/8 levels left

rFire    . . .     SeeInvis +   a - +1 dagger (venom)
rCold    . . .     Faith    .   (shield restricted)
rNeg     . . .     Spirit   .   k - +0 robe
rPois    .         Reflect  .   (helmet restricted)
rElec    .         Harm     .   (no cloak)
rCorr    .         Rampage  .   (gloves unavailable)
MR       .....                  (boots unavailable)
Stlth    +++.......             (no amulet)
HPRegen  0.07/turn              (no ring)
MPRegen  0.11/turn              (no ring)

@: very quick
A: very small, unfitting armour, see invisible, speed 3
a: no special abilities


You were on level 2 of the Dungeon.
You visited 1 branch of the dungeon, and saw 2 of its levels.

You collected 90 gold pieces.

Inventory:

Hand Weapons
 a - a +1 dagger of venom (weapon)
 b - a +1 dagger
Missiles
 c - 67 stones (quivered)
Armour
 k - a +0 robe (worn)
Scrolls
 e - 2 scrolls of identify
 g - a scroll of magic mapping {unknown}
 j - a scroll of noise {unknown}
 m - a scroll of random uselessness {unknown}
 n - a scroll of teleportation {unknown}
 o - a scroll of remove curse
 p - a scroll of immolation {unknown}
Potions
 d - 2 potions of curing
 f - 3 potions of heal wounds
 h - a potion of stabbing
 i - a potion of magic {unknown}
 l - a potion of cancellation {unknown}


   Skills:
 + Level 3.3 Short Blades
 - Level 3.0 Dodging
 + Level 6.5 Stealth
 - Level 2.6 Spellcasting
 - Level 3.6 Hexes


You had 5 spell levels left.
You knew the following spells:

 Your Spells              Type           Power        Failure   Level
a - Corona                Hex            ##.....      4%          1
b - Ensorcelled Hibernat  Hex/Ice        #.....       13%         2

Your spell library contained the following spells:

 Spells                   Type           Power        Failure   Level
 Confusing Touch          Hex            ##......     12%         3
 Tukima's Dance           Hex            ##......     12%         3
 Dazzling Flash           Conj/Hex       #.....       26%         3


Dungeon Overview and Level Annotations

Branches:
Dungeon (2/15)

Altars:


Innate Abilities, Weirdness & Mutations

You are very small and have problems with some larger weapons.
You are too small for most types of armour.
You have supernaturally acute eyesight. (SInv)
You cover ground extremely quickly.


Message History

You completely miss the bat. The bat misses you.
The bat hits you but does no damage.
You hit the bat.
The bat is poisoned.
The bat is moderately wounded.
The bat hits you but does no damage. x2
You hit the bat.
The bat looks even sicker.
The bat is severely wounded.
The bat misses you. The bat hits you but does no damage.
You hit the bat.
You kill the bat!
The centaur shoots an arrow.
The arrow hits you but does no damage.
Casting: Ensorcelled Hibernation (safe; 13% risk of failure)
Confirm with . or Enter, or press ? or * to list all spells.
Aiming: Ensorcelled Hibernation (safe; 13% risk of failure)
Press: ? - help, Shift-Dir - straight line, f - centaur
Aim: a centaur, wielding a +0 shortbow and quivering 21 arrows (chance to defeat MR: 39%)
The centaur resists with some effort.
The centaur shoots an arrow.
The arrow hits you!
Ouch! That really hurt!
You die...

.....# ##############......
.....# #.......#......#.#..
†....##### #.......#......#.#..
.###.....#####.......#..†........
.+.'............†....'..>.....##.
.###....(#####.......###########.
.# #.....# ###'##### ## .#
#.....# #.# ## #.....# #@#
####.....# #.# ..######## #c#
..###### #r# ........ #.########
..##### ##.#..(...### <..#
#....(......# ##.# #.........#...
##.# #.........#


You could see a centaur and a rat.

Vanquished Creatures
  3 gnolls (D:2)
  An adder (D:2)
  3 worms (D:2)
  A dart slug (D:2)
  5 giant cockroaches (D:1)
  6 goblins
  5 hobgoblins
  9 kobolds
  8 bats
  2 frilled lizards
  7 rats
50 creatures vanquished.

Notes
Turn   | Place    | Note
-------+----------+-------------------------------------------
     0 | D:1      | tilp the Spriggan Enchanter began the quest for the Orb.
     0 | D:1      | Reached XP level 1. HP: 9/9 MP: 5/5
   432 | D:1      | Reached XP level 2. HP: 13/13 MP: 6/6
   437 | D:1      | Reached skill level 5 in Stealth
   470 | D:1      | Learned a level 2 spell: Ensorcelled Hibernation
  1641 | D:1      | Reached XP level 3. HP: 16/16 MP: 0/8
  2485 | D:2      | Reached skill level 6 in Stealth
  2829 | D:2      | Reached XP level 4. HP: 21/21 MP: 2/9
  3202 | D:2      | Noticed a centaur
  3225 | D:2      | Shot with an arrow by a centaur

Illustrated notes

Levels and vault maps discovered:
D:1:      giann_wishing_wells, layout_basic, minmay_unequal
D:2:      layout_basic, minmay_tetromino_s4, uniq_crazy_yiuf_cottage

Skill      XL: |  1  2  3 |
---------------+----------+-----
Stealth        | 5 6 |  6.5
Short Blades   | 2 3 |  3.3
Dodging        | |  3.0
Spellcasting   | |  2.6
Hexes          | |  3.6

Action                   |  1- 3 |  4- 6 || total
-------------------------+-------+-------++-------
Melee: Dagger            |   142 |    20 ||   162
 Cast: Corona            |     3 |       ||     3
       Ensorcelled Hiber |    23 |     1 ||    24
  Use: Scroll            |     4 |       ||     4
 Stab: Sleeping          |    24 |     2 ||    26
Armor: Robe              |    11 |     9 ||    20
Dodge: Dodged            |   103 |    24 ||   127

Table legend: (Time is in decaauts)
 A = Elapsed time spent in this place.
 B = Non-inter-level travel time spent in this place.
 C = Inter-level travel time spent in this place.
 D = Time resting spent in this place.
 E = Time spent auto-exploring this place.
 F = Levels seen in this place.
 G = Mean time per level.
                   A        B        C        D        E       F      G
               +--------+--------+--------+--------+--------+-----+--------+
         Total |   2726 |   2708 |     18 |   1624 |    580 |   2 | 1363.0 |
       Dungeon |   2726 |   2708 |     18 |   1624 |    580 |   2 | 1363.0 |
               +--------+--------+--------+--------+--------+-----+--------+

Top non-repeatable levels by time:
     D:1: 1895 daAuts
     D:2: 830 daAuts
